General information
- name: BNet
- type: Ladder team game (AT/RT)
- host: Battle.net
- saver: HumanKingTomVIP
map: FullScaleAssault
- players: 8
- length: 19:15
- speed: Fast
- version: 1.26 W3XP
- replay type: Public
» download(132 KB)
Players
team 1 (winner)

»
go)YoonA (
red | 98 APM | 1891 actions | 19:13)
4 Demon Hunter
2 Mana Burn
2 Evasion
3 Keeper of the Grove
2 Entangling Roots
1 Thorns Aura
» actions
| Assign group hotkey | 14 | |
| Basic commands | 100 | |
| Build / train | 81 | |
| ESC pressed | 1 | |
| Enter build submenu | 19 | |
| Enter hero's abilities submenu | 8 | |
| Give item / drop item | 3 | |
| Remove unit from queue | 2 | |
| Right click | 707 | |
| Select / deselect | 335 | |
| Select group hotkey | 544 | |
| Use ability | 77 | |
1891 total
» units
| Wisp | 23 | |
| Archer | 1 | |
| Dryad | 2 | |
| Druid of the Claw | 1 | |
| Goblin Zeppelin | 1 | |
| Goblin Shredder | 1 | |
| Hippogryph | 8 | |
| Faerie Dragon | 1 | |
38 total
» upgrades
| Abolish Magic | 1 | |
| Druid of the Claw Training | 2 | |
| Strength of the Wild | 2 | |
| Reinforced Hides | 2 | |
| Mark of the Claw | 1 | |
| Ultravision | 1 | |
| Hardened Skin | 1 | |
| Resistant Skin | 1 | |
11 total
» buildings
| Altar of Elders | 1 | |
| Moon Well | 6 | |
| Ancient of War | 1 | |
| Tree of Ages | 2 | |
| Hunter's Hall | 1 | |
| Ancient of Wonders | 1 | |
| Tree of Life | 3 | |
| Ancient of Lore | 2 | |
| Tree of Eternity | 4 | |
| Ancient of Wind | 3 | |
24 total
» build order
00:10 Altar of Elders
00:20 Moon Well
00:47 Ancient of War
01:31 Moon Well
02:02 Moon Well
02:47 Tree of Ages
02:47 Tree of Ages
03:20 Moon Well
03:38 Hunter's Hall
04:14 Ancient of Wonders
05:33 Tree of Life
05:38 Tree of Life
05:59 Ancient of Lore
06:41 Ancient of Lore
06:43 Tree of Eternity
06:43 Tree of Eternity
06:43 Tree of Eternity
10:41 Moon Well
11:57 Ancient of Wind
14:53 Ancient of Wind
14:55 Ancient of Wind
15:18 Moon Well
16:35 Tree of Life
» items
| Circlet of Nobility | 2 | |
| Staff of Preservation | 1 | |
| Boots of Speed | 2 | |
| Scroll of Town Portal | 2 | |
| Orb of Venom | 2 | |
| Potion of Healing | 1 | |
| Potion of Lesser Invulnerability | 1 | |
| Scroll of Healing | 1 | |
12 total
boberrt (
yellow | 34 APM | 645 actions | 19:13)
5 Blademaster
3 Wind Walk
2 Critical Strike
» actions
| Assign group hotkey | 1 | |
| Basic commands | 28 | |
| Build / train | 69 | |
| Enter build submenu | 20 | |
| Enter hero's abilities submenu | 5 | |
| Give item / drop item | 2 | |
| Right click | 185 | |
| Select / deselect | 270 | |
| Use ability | 65 | |
645 total
» units
| Peon | 10 | |
| Grunt | 6 | |
| Goblin Zeppelin | 1 | |
| Goblin Shredder | 5 | |
| Spirit Walker | 3 | |
| Troll Witch Doctor | 1 | |
| Tauren | 11 | |
37 total
» upgrades
| Melee Weapons | 3 | |
| Armor | 4 | |
| Spirit Walker Training | 2 | |
| Witch Doctor Training | 2 | |
| Pulverize | 1 | |
| Reinforced Defenses | 1 | |
| Spiked Barricades | 1 | |
| Shaman Training | 1 | |
15 total
» buildings
| Altar of Storms | 1 | |
| Orc Burrow | 7 | |
| Barracks | 1 | |
| Voodoo Lounge | 1 | |
| War Mill | 1 | |
| Stronghold | 1 | |
| Great Hall | 1 | |
| Fortress | 1 | |
| Spirit Lodge | 2 | |
| Tauren Totem | 2 | |
18 total
» build order
00:03 Altar of Storms
00:27 Orc Burrow
01:06 Orc Burrow
01:24 Barracks
01:48 Voodoo Lounge
01:57 War Mill
03:20 Stronghold
03:54 Orc Burrow
05:08 Orc Burrow
05:34 Great Hall
06:08 Fortress
08:01 Spirit Lodge
08:22 Spirit Lodge
11:16 Tauren Totem
11:18 Tauren Totem
12:09 Orc Burrow
12:12 Orc Burrow
13:42 Orc Burrow
» items
| Lesser Clarity Potion | 3 | |
| Healing Salve | 1 | |
| Boots of Speed | 1 | |
| Orb of Lightning | 1 | |
| Tiny Great Hall | 1 | |
7 total
HumanKingTomVIP (
green | 68 APM | 1303 actions | 19:15)
5 Pandaren Brewmaster
3 Breath of Fire
2 Drunken Brawler
» actions
| Assign group hotkey | 36 | |
| Basic commands | 8 | |
| Build / train | 117 | |
| Enter build submenu | 57 | |
| Enter hero's abilities submenu | 5 | |
| Give item / drop item | 5 | |
| Right click | 422 | |
| Select / deselect | 212 | |
| Select group hotkey | 236 | |
| Use ability | 205 | |
1303 total
» units
| Peasant | 24 | |
| Goblin Shredder | 5 | |
| Goblin Sapper | 1 | |
| Goblin Zeppelin | 4 | |
34 total
» upgrades
| Masonry | 3 | |
| Lumber Harvesting | 1 | |
| Magic Sentry | 1 | |
| Sorceress Training | 1 | |
6 total
» buildings
| Altar of Kings | 1 | |
| Farm | 6 | |
| Lumber Mill | 1 | |
| Scout Tower | 115 | |
| Arcane Tower | 3 | |
| Town Hall | 2 | |
| Guard Tower | 43 | |
| Keep | 1 | |
| Arcane Sanctum | 1 | |
| Arcane Vault | 2 | |
| Castle | 1 | |
| Blacksmith | 1 | |
177 total
» build order
00:16 Altar of Kings
00:30 Farm
01:03 Farm
01:27 Lumber Mill
01:34 Farm
01:48 Scout Tower
03:14 Arcane Tower
03:38 Town Hall
03:41 Scout Tower
03:58 Scout Tower
04:00 Scout Tower
04:23 Arcane Tower
04:35 Farm
05:04 Guard Tower
05:19 Scout Tower
05:20 Scout Tower
05:20 Scout Tower
05:30 Keep
05:42 Farm
05:46 Scout Tower
05:47 Scout Tower
05:49 Guard Tower
06:17 Guard Tower
06:19 Scout Tower
06:20 Scout Tower
06:20 Scout Tower
06:21 Scout Tower
06:24 Scout Tower
06:25 Scout Tower
06:26 Scout Tower
06:26 Scout Tower
06:42 Guard Tower
06:45 Scout Tower
06:46 Scout Tower
06:47 Scout Tower
06:50 Guard Tower
06:52 Arcane Tower
07:13 Scout Tower
07:13 Scout Tower
07:14 Scout Tower
07:15 Scout Tower
07:17 Guard Tower
07:17 Guard Tower
07:19 Guard Tower
07:20 Guard Tower
07:21 Guard Tower
07:23 Scout Tower
07:23 Scout Tower
07:25 Scout Tower
07:41 Scout Tower
07:41 Scout Tower
07:42 Scout Tower
07:46 Scout Tower
07:46 Scout Tower
07:51 Guard Tower
07:54 Scout Tower
07:54 Scout Tower
07:55 Scout Tower
07:55 Scout Tower
08:06 Guard Tower
08:06 Guard Tower
08:08 Scout Tower
08:08 Scout Tower
08:09 Scout Tower
09:05 Guard Tower
09:26 Guard Tower
09:27 Scout Tower
09:27 Scout Tower
09:28 Scout Tower
09:31 Arcane Sanctum
09:33 Scout Tower
09:34 Scout Tower
09:34 Scout Tower
09:56 Scout Tower
09:57 Scout Tower
09:57 Scout Tower
10:00 Scout Tower
10:03 Guard Tower
10:04 Scout Tower
10:04 Scout Tower
10:05 Scout Tower
10:14 Guard Tower
10:14 Guard Tower
10:32 Arcane Vault
10:34 Scout Tower
10:34 Scout Tower
10:58 Scout Tower
10:58 Scout Tower
10:59 Scout Tower
10:59 Scout Tower
11:01 Castle
11:03 Guard Tower
11:04 Guard Tower
11:04 Guard Tower
11:24 Arcane Vault
12:08 Guard Tower
12:09 Guard Tower
12:12 Guard Tower
12:14 Scout Tower
12:14 Scout Tower
12:14 Scout Tower
12:14 Scout Tower
12:15 Scout Tower
12:15 Scout Tower
12:16 Scout Tower
12:16 Scout Tower
12:16 Scout Tower
12:17 Scout Tower
12:17 Scout Tower
12:30 Guard Tower
12:33 Blacksmith
14:11 Guard Tower
14:11 Guard Tower
14:14 Guard Tower
14:24 Town Hall
14:27 Scout Tower
14:27 Scout Tower
14:28 Scout Tower
14:28 Scout Tower
14:29 Scout Tower
14:29 Scout Tower
14:30 Scout Tower
14:30 Scout Tower
14:31 Scout Tower
14:31 Scout Tower
14:32 Scout Tower
14:33 Scout Tower
14:33 Scout Tower
14:35 Scout Tower
14:36 Scout Tower
14:37 Scout Tower
14:38 Scout Tower
14:41 Guard Tower
14:59 Guard Tower
15:02 Guard Tower
15:02 Guard Tower
15:14 Guard Tower
15:15 Guard Tower
16:09 Guard Tower
16:16 Scout Tower
16:17 Scout Tower
16:17 Scout Tower
16:17 Scout Tower
16:18 Scout Tower
16:18 Scout Tower
16:19 Scout Tower
16:19 Scout Tower
16:21 Farm
16:26 Scout Tower
16:26 Scout Tower
16:26 Scout Tower
16:26 Scout Tower
16:27 Scout Tower
16:27 Scout Tower
16:27 Scout Tower
16:29 Scout Tower
16:29 Scout Tower
16:29 Scout Tower
16:30 Scout Tower
16:30 Scout Tower
16:30 Scout Tower
17:00 Guard Tower
17:02 Guard Tower
17:30 Guard Tower
17:30 Guard Tower
17:32 Scout Tower
18:40 Guard Tower
18:49 Guard Tower
19:07 Guard Tower
» items
| Boots of Speed | 1 | |
| Staff of Teleportation | 1 | |
| Lesser Clarity Potion | 4 | |
| Healing Salve | 3 | |
| Staff of Sanctuary | 1 | |
| Ivory Tower | 11 | |
| Scroll of Regeneration | 1 | |
| Scroll of Town Portal | 1 | |
23 total
TheGhostArmy (
blue | 34 APM | 651 actions | 19:13)
3 Demon Hunter
2 Immolation
1 Evasion
2 Dark Ranger
1 Silence
1 Black Arrow
2 Priestess of the Moon
1 Trueshot Aura
1 Searing Arrows
» actions
| Build / train | 65 | |
| Enter build submenu | 22 | |
| Enter hero's abilities submenu | 7 | |
| Give item / drop item | 2 | |
| Remove unit from queue | 1 | |
| Right click | 199 | |
| Select / deselect | 307 | |
| Use ability | 48 | |
651 total
» units
| Wisp | 22 | |
| Archer | 5 | |
| Dryad | 4 | |
| Druid of the Claw | 4 | |
| Goblin Zeppelin | 2 | |
| Chimaera | 2 | |
39 total
» upgrades
| Strength of the Wild | 3 | |
| Abolish Magic | 1 | |
| Druid of the Claw Training | 2 | |
| Reinforced Hides | 3 | |
| Mark of the Claw | 1 | |
| Well Spring | 1 | |
| Corrosive Breath | 1 | |
12 total
» buildings
| Altar of Elders | 1 | |
| Moon Well | 9 | |
| Ancient of War | 1 | |
| Hunter's Hall | 1 | |
| Tree of Ages | 1 | |
| Tree of Life | 1 | |
| Ancient of Lore | 2 | |
| Tree of Eternity | 1 | |
| Ancient of Wind | 2 | |
| Chimaera Roost | 3 | |
22 total
» build order
00:09 Altar of Elders
00:14 Moon Well
01:05 Ancient of War
02:01 Hunter's Hall
02:07 Moon Well
02:17 Moon Well
03:02 Tree of Ages
04:16 Moon Well
05:48 Tree of Life
06:06 Ancient of Lore
06:07 Ancient of Lore
07:07 Tree of Eternity
08:45 Moon Well
08:52 Moon Well
09:56 Moon Well
14:27 Ancient of Wind
14:29 Ancient of Wind
16:00 Moon Well
16:01 Moon Well
16:51 Chimaera Roost
16:53 Chimaera Roost
16:54 Chimaera Roost
» items
team 2 (loser)

»
Yodle (
purple | 51 APM | 887 actions | 17:17)
4 Blademaster
2 Wind Walk
2 Critical Strike
» actions
| Basic commands | 131 | |
| Build / train | 60 | |
| Enter build submenu | 13 | |
| Enter hero's abilities submenu | 4 | |
| Give item / drop item | 3 | |
| Remove unit from queue | 1 | |
| Right click | 317 | |
| Select / deselect | 332 | |
| Use ability | 26 | |
887 total
» units
| Peon | 9 | |
| Troll Headhunter/Berserker | 15 | |
| Shaman | 3 | |
| Troll Witch Doctor | 3 | |
| Knight | 2 | |
32 total
» upgrades
| Ranged Weapons | 3 | |
| Armor | 3 | |
| Troll Regeneration | 1 | |
| Shaman Training | 2 | |
| Witch Doctor Training | 2 | |
| Berserker Upgrade | 1 | |
| Animal War Training | 1 | |
| Plating | 1 | |
14 total
» buildings
| Altar of Storms | 1 | |
| Orc Burrow | 4 | |
| War Mill | 2 | |
| Barracks | 1 | |
| Voodoo Lounge | 1 | |
| Stronghold | 1 | |
| Spirit Lodge | 2 | |
| Fortress | 1 | |
13 total
» build order
00:12 Altar of Storms
00:14 Orc Burrow
02:12 War Mill
02:15 Barracks
02:21 Orc Burrow
02:23 War Mill
02:32 Voodoo Lounge
03:26 Stronghold
06:09 Spirit Lodge
06:10 Spirit Lodge
07:20 Orc Burrow
07:28 Fortress
09:56 Orc Burrow
» items
| Healing Salve | 1 | |
| Lesser Clarity Potion | 1 | |
| Periapt of Vitality | 1 | |
| Boots of Speed | 1 | |
| Orb of Lightning | 1 | |
| Scroll of Town Portal | 1 | |
6 total
FLUFF_My_BONER (
teal | 23 APM | 446 actions | 19:13)
3 Death Knight
2 Death Coil
1 Unholy Aura
» actions
| Assign group hotkey | 6 | |
| Build / train | 51 | |
| Enter build submenu | 23 | |
| Enter hero's abilities submenu | 3 | |
| Give item / drop item | 1 | |
| Right click | 157 | |
| Select / deselect | 142 | |
| Select group hotkey | 27 | |
| Use ability | 36 | |
446 total
» units
| Acolyte | 8 | |
| Ghoul | 5 | |
| Crypt Fiend | 7 | |
| Obsidian Statue | 1 | |
| Frost Wyrm | 5 | |
| Knight | 7 | |
33 total
» upgrades
| Creature Attack | 2 | |
| Web | 1 | |
| Creature Carapace | 2 | |
| Freezing Breath | 1 | |
6 total
» buildings
| Ziggurat | 9 | |
| Altar of Darkness | 1 | |
| Crypt | 1 | |
| Graveyard | 1 | |
| Nerubian Tower | 3 | |
| Tomb of Relics | 1 | |
| Halls of the Dead | 1 | |
| Slaughterhouse | 1 | |
| Black Citadel | 1 | |
| Sacrificial Pit | 1 | |
| Boneyard | 4 | |
| Spirit Tower | 2 | |
| Town Hall | 1 | |
27 total
» build order
00:45 Ziggurat
00:54 Altar of Darkness
00:57 Crypt
01:09 Graveyard
01:38 Nerubian Tower
01:42 Ziggurat
02:19 Tomb of Relics
03:27 Halls of the Dead
04:47 Ziggurat
05:53 Slaughterhouse
07:17 Black Citadel
08:04 Ziggurat
08:12 Sacrificial Pit
09:47 Boneyard
09:50 Boneyard
10:01 Boneyard
10:12 Boneyard
10:32 Ziggurat
10:36 Ziggurat
10:40 Ziggurat
11:44 Spirit Tower
11:46 Nerubian Tower
11:59 Nerubian Tower
12:56 Ziggurat
15:33 Spirit Tower
15:36 Ziggurat
16:01 Town Hall
» items
fook.it (
pink | 71 APM | 1240 actions | 17:31)
3 Blademaster
1 Wind Walk
2 Critical Strike
2 Far Seer
1 Feral Spirit
1 Chain Lighting
2 Tauren Chieftain
1 Shockwave
1 Endurance Aura
» actions
| Assign group hotkey | 20 | |
| Basic commands | 31 | |
| Build / train | 64 | |
| Enter build submenu | 26 | |
| Enter hero's abilities submenu | 7 | |
| Give item / drop item | 5 | |
| Remove unit from queue | 2 | |
| Right click | 440 | |
| Select / deselect | 212 | |
| Select group hotkey | 359 | |
| Use ability | 74 | |
1240 total
» units
| Peon | 27 | |
| Goblin Shredder | 1 | |
| Goblin Zeppelin | 1 | |
| Troll Batrider | 5 | |
| Wind Rider | 3 | |
37 total
» upgrades
| Reinforced Defenses | 1 | |
| Envenomed Spears | 1 | |
2 total
» buildings
| Orc Burrow | 7 | |
| War Mill | 2 | |
| Altar of Storms | 3 | |
| Stronghold | 1 | |
| Voodoo Lounge | 2 | |
| Fortress | 2 | |
| Beastiary | 5 | |
| Watch Tower | 5 | |
27 total
» build order
00:25 Orc Burrow
00:29 War Mill
01:23 War Mill
01:29 Altar of Storms
01:54 Stronghold
02:31 Altar of Storms
02:37 Orc Burrow
02:41 Altar of Storms
02:54 Voodoo Lounge
03:00 Voodoo Lounge
04:16 Fortress
04:16 Fortress
04:19 Beastiary
04:26 Orc Burrow
08:07 Beastiary
09:22 Orc Burrow
09:25 Orc Burrow
10:08 Orc Burrow
10:12 Beastiary
10:14 Beastiary
11:52 Beastiary
11:58 Orc Burrow
12:07 Watch Tower
12:09 Watch Tower
12:14 Watch Tower
12:20 Watch Tower
12:29 Watch Tower
» items
| Healing Salve | 2 | |
| Tiny Great Hall | 3 | |
| Scroll of Town Portal | 2 | |
| Orb of Lightning | 1 | |
8 total
Rixi (
orange | 34 APM | 456 actions | 13:14)
2 Paladin
1 Holy Light
1 Divine Shield
1 Blood Mage
1 Flame Strike
» actions
| Build / train | 40 | |
| Enter build submenu | 32 | |
| Enter hero's abilities submenu | 4 | |
| Give item / drop item | 1 | |
| Remove unit from queue | 4 | |
| Right click | 164 | |
| Select / deselect | 177 | |
| Use ability | 34 | |
456 total
» units
» upgrades
| Defend | 1 | |
| Lumber Harvesting | 1 | |
| Swords | 2 | |
| Plating | 1 | |
5 total
» buildings
| Altar of Kings | 1 | |
| Farm | 11 | |
| Barracks | 2 | |
| Scout Tower | 6 | |
| Arcane Tower | 1 | |
| Lumber Mill | 1 | |
| Keep | 1 | |
| Blacksmith | 1 | |
| Guard Tower | 2 | |
| Castle | 1 | |
| Town Hall | 4 | |
31 total
» build order
00:12 Altar of Kings
00:14 Farm
01:00 Farm
01:57 Barracks
02:59 Scout Tower
03:03 Farm
03:31 Arcane Tower
03:37 Lumber Mill
03:52 Farm
03:56 Keep
04:38 Farm
05:06 Blacksmith
05:19 Scout Tower
06:07 Scout Tower
06:40 Guard Tower
06:43 Scout Tower
06:58 Castle
07:40 Guard Tower
07:42 Farm
07:48 Farm
08:13 Town Hall
09:12 Farm
09:20 Barracks
09:56 Farm
10:03 Town Hall
10:50 Farm
11:32 Farm
11:38 Town Hall
11:42 Scout Tower
11:53 Town Hall
12:16 Scout Tower
Chat log
(00:43 / Allies) HumanKingTomVIP: KOREA KOREA KOREA KROEA
(00:53 / All) fook.it: yooooooooooooo
(00:55 / Allies) HumanKingTomVIP: KOREA KOREA KOREA KOREA
(01:02 / All) fook.it: i m going to screw up my teammmmmm
(01:04 / All) fook.it: hahahahahhaha
(01:07 / All) HumanKingTomVIP: KOREA KOREA KOREA KOREA
(02:13 / All) fook.it: team killeerrr AHAHAHhaAGAHHAHAHaGFDSFSDFASDF
(02:19 / All) HumanKingTomVIP: KOREA KOREA KOREA
(04:26 / Allies) go)YoonA: fuck off greem
(04:32 / Allies) HumanKingTomVIP: im here to help
(04:37 / Allies) go)YoonA: do fuckin drink my well
(04:43 / Allies) HumanKingTomVIP: i cant build them myself
(04:48 / Allies) go)YoonA: fuck off
(04:50 / Allies) HumanKingTomVIP: ur man ais maxed out
(04:52 / Allies) HumanKingTomVIP: its full
(06:50 / Allies) HumanKingTomVIP: dialup in 2011
(13:04 / Allies) boberrt: thanks
(13:52 / Allies) boberrt: oh well
(14:03 / Allies) boberrt: took out like 2 heros
(14:40 / Allies) boberrt: green trage yeah gold for lumber
(14:58 / Allies) boberrt: thanks
(16:03 / All) HumanKingTomVIP: OWNED
(17:09 / Allies) HumanKingTomVIP: get ready to tp
(17:20 / All) HumanKingTomVIP: rofl
(17:38 / All) boberrt: haga
(17:40 / All) HumanKingTomVIP: lol @ quitting with ur whole army intact
(17:41 / All) boberrt: haha
(17:44 / All) HumanKingTomVIP: DEMORALIZED
(18:09 / Allies) HumanKingTomVIP: back dude
(18:10 / Allies) HumanKingTomVIP: stop suicide